 Dungeon Crawl Stone Soup version 0.31-a0-202-g547052bce9 (webtiles) character file.

Game seed: 18040257349573492118

147 qw the Skirmisher (level 5, -6/29 HPs)
             Began as a Deep Elf Hunter on June 26, 2023.
             Killed by divine providence
             ... invoked by an orc priest
              (13 damage)
             ... on level 3 of the Dungeon.
             The game lasted 00:00:41 (1983 turns).

qw the Skirmisher (Deep Elf Hunter)                 Turns: 1983, Time: 00:00:41

Health: -6/29      AC:  6    Str: 10    XL:     5   Next: 7%
Magic:  7/7        EV: 11    Int: 14    God:
Gold:   146        SH:  0    Dex: 18    Spells: 4/4 levels left

rFire   . . .        Y - +3 shortbow
rCold   . . .        (shield currently unavailable)
rNeg    . . .        b - +0 ring mail
rPois   .            f - +0 helmet
rElec   .            (no cloak)
rCorr   .            (no gloves)
SInv    .            (no boots)
Will    .....        (no amulet)
Stlth   +            (no ring)
HPRegen 0.24/turn    (no ring)
MPRegen 0.10/turn

%: no passive effects
@: no status effects
A: no striking features
a: no special abilities


You were on level 3 of the Dungeon.
You visited 1 branch of the dungeon, and saw 3 of its levels.

You collected 146 gold pieces.


   Skills:
 - Level 1.5 Fighting
 + Level 8.5 Ranged Weapons
 - Level 2.4 Dodging
 - Level 1.2 Stealth


You had 4 spell levels left.
You didn't know any spells.
Your spell library was empty.

Inventory:

Hand Weapons
 Y - a +3 shortbow (weapon)
Armour
 b - a +0 ring mail (worn)
 f - a +0 helmet (worn)
Scrolls
 a - a scroll of identify {unknown}
Potions
 e - a potion of brilliance {unknown}
 g - a potion of curing {unknown}
 h - a potion of heal wounds {unknown}
 i - a potion of berserk rage {unknown}
 j - a potion of ambrosia {unknown}

Dungeon Overview and Level Annotations

Branches:
Dungeon (3/15)

Altars:
Nemelex Xobeh


Message History

The hobgoblin shouts!
Enter note:
Enter note:
Enter note: You shoot an arrow.
The arrow hits the hobgoblin.
The hobgoblin is severely wounded.
You shoot an arrow. The arrow hits the hobgoblin!
You kill the hobgoblin!
You now have 146 gold pieces (gained 8).
You hear the brisk rusting of a very distant drain.
An orc priest comes into view. It is wielding a +0 hand axe.
Enter note:
Enter note:
Enter note: You shoot an arrow.
The orc priest shouts!
The arrow hits the orc priest.
The orc priest is moderately wounded.
You shoot an arrow. The arrow barely misses the orc priest.
You shoot an arrow. The arrow hits the orc priest!
The orc priest is severely wounded.
The orc priest calls down the wrath of Beogh upon you.
Beogh smites you!
1975 ||| FLEEEEING.
The orc priest calls down the wrath of Beogh upon you.
Beogh smites you!
1976 ||| FLEEEEING.
1977 ||| FLEEEEING.
1978 ||| STILL FLEEEEING.
1979 ||| STILL FLEEEEING.
1980 ||| STILL FLEEEEING.
1981 ||| STILL FLEEEEING.
Enter note:
Enter note:
Enter note:
1982 ||| FLEEEEING.
1983 ||| FLEEEEING.
The orc priest mumbles some strange prayers to Beogh against you.
Beogh smites you!
You die...

#.# #..###.....%...? #.#
#..# #.......... #o# #.>#
#.......... #.#
######.......... #.#
#........... #.#
#........... #.#
#...........
#.#############...........
#.o......@................
################..........
#.......... ###########


You could see an orc priest.

Vanquished Creatures
  Jessica (D:2)
  5 adders
  A river rat (D:3)
  A worm (D:2)
  A dart slug (D:1)
  An orc (D:3)
  7 bats
  6 endoplasms
  4 giant cockroaches
  6 goblins
  4 hobgoblins
  6 kobolds
  2 quokkas
  5 ball pythons
  4 frilled lizards
  6 rats
60 creatures vanquished.

Notes
Turn   | Place    | Note
-------+----------+-------------------------------------------
     0 | D:1      | qw the Deep Elf Hunter began the quest for the Orb.
     0 | D:1      | Reached XP level 1. HP: 12/12 MP: 3/3
     0 | D:1      | 0 ||| qw: Version: 0.3-a-22-g0ed2b0b
     0 | D:1      | 0 ||| qw: Game counter: 5867
     0 | D:1      | 0 ||| qw: Melee chars always use a shield: true
     0 | D:1      | 0 ||| qw: God list: Okawaru
     0 | D:1      | 0 ||| qw: Allow faded altars: false
     0 | D:1      | 0 ||| qw: Do Orc after clearing Dungeon:15 true
     0 | D:1      | 0 ||| qw: Do second Lair branch before Depths: true
     0 | D:1      | 0 ||| qw: Lair rune preference: random
     0 | D:1      | 0 ||| qw: Goals: Normal
     0 | D:1      | 0 ||| PLANNING D:1-11
    85 | D:1      | Reached skill level 6 in Ranged Weapons
    85 | D:1      | Reached XP level 2. HP: 16/16 MP: 4/4
   408 | D:1      | Reached XP level 3. HP: 20/20 MP: 5/5
   886 | D:1      | 886 ||| UPGRADING to +0 helmet.
   891 | D:1      | 891 ||| READING 2 scrolls labelled EFEOTHR TORPHAE.
   892 | D:1      | 892 ||| READING scroll of enchant weapon.
   892 | D:1      | 892 ||| ENCHANTING +1 shortbow.
   893 | D:1      | 893 ||| READING scroll labelled WUDGHI PEOVIS.
   894 | D:1      | 894 ||| DROPPING scroll of butterflies.
   972 | D:2      | Found a sparkling altar of Nemelex Xobeh.
  1066 | D:2      | Reached skill level 7 in Ranged Weapons
  1269 | D:2      | Reached XP level 4. HP: 22/25 MP: 6/6
  1314 | D:2      | Noticed Jessica
  1315 | D:2      | Killed Jessica
  1325 | D:2      | Reached skill level 8 in Ranged Weapons
  1335 | D:2      | 1335 ||| READING scroll of enchant weapon.
  1335 | D:2      | 1335 ||| ENCHANTING +2 shortbow.
  1516 | D:2      | 1516 ||| UPGRADING to +0 ring mail.
  1526 | D:2      | 1526 ||| DROPPING +0 leather armour.
  1527 | D:2      | 1527 ||| READING scroll labelled KATHYAPLYH.
  1528 | D:2      | 1528 ||| READING scroll labelled GEIRGH ABYNT.
  1571 | D:3      | 1571 ||| PLANNING SEWER
  1922 | D:3      | Reached XP level 5. HP: 29/29 MP: 7/7
  1975 | D:3      | 1975 ||| FLEEEEING.
  1975 | D:3      | HP: 5/29 [orc priest/divine providence (11)]
  1976 | D:3      | 1976 ||| FLEEEEING.
  1977 | D:3      | 1977 ||| FLEEEEING.
  1982 | D:3      | 1982 ||| FLEEEEING.
  1983 | D:3      | 1983 ||| FLEEEEING.
  1983 | D:3      | Killed from afar by an orc priest

Levels and vault maps discovered:
D:1:      heliophobic_arrival_enchanted_forest, layout_basic,
          serial_bayou_pond_b
D:2:      layout_loops_ring, basic_altar, minmay_misc_feat_encased, uniq_jessica
D:3:      layout_basic, gup_sewer_entry_spiral

Skill      XL: |  1  2  3  4 |
---------------+-------------+-----
Ranged Weapons | 6 7 8 |  8.5
Fighting       | |  1.5
Dodging        | |  2.4
Stealth        | |  1.2

Action                     |  1- 3 |  4- 6 || total
---------------------------+-------+-------++-------
   Fire: Shortbow          |    92 |    46 ||   138
    Use: Scroll            |     3 |     3 ||     6
 Armour: Leather armour    |     6 |     3 ||     9
         Ring mail         |       |     1 ||     1
  Dodge: Dodged            |    17 |     2 ||    19

Table legend:
 A = Non-vault XP
 B = Vault XP
 C = Vault XP percentage of total XP
 D = Non-vault monster count
 E = Vault monster count
 F = Vault count percentage of total count
                 A         B        C        D         E       F
            +---------+---------+-------+---------+---------+-------
      Total |     154 |      56 |  26.7 |      55 |       5 |   8.3
            +---------+---------+-------+---------+---------+-------
        D:1 |      45 |       6 |  11.8 |      26 |       3 |  10.3
        D:2 |      79 |      37 |  31.9 |      19 |       1 |   5.0
        D:3 |      30 |      13 |  30.2 |      10 |       1 |   9.1
            +---------+---------+-------+---------+---------+-------
